 Dungeon Crawl Stone Soup version 0.29.1-15-g9cfb28693d (webtiles) character file.

Game seed: 5883101424904149245

797 wingedge the Magician (level 7, -1/51 HPs)
             Began as a Demigod Wanderer on Apr 14, 2023.
             Succumbed to a gnoll sergeant's poison
             ... on level 5 of the Dungeon.
             The game lasted 00:15:37 (6073 turns).

wingedge the Magician (Demigod Wanderer)            Turns: 6073, Time: 00:15:37

Health: -1/51      AC: 10    Str: 12    XL:     7   Next: 32%
Magic:  12/16      EV:  9    Int: 30    God:
Gold:   361        SH:  9    Dex: 15    Spells: 10/14 levels left

rFire   . . .      SeeInvis .   a - +0 long sword
rCold   . . .      Faith    .   l - +0 kite shield
rNeg    . . .      Spirit   .   d - +0 robe
rPois   .          Reflect  .   q - +0 helmet
rElec   .          Harm     .   (no cloak)
rCorr   .          Rampage  .   (no gloves)
Will    .....                   p - +2 pair of boots
Stlth   ++........              (no amulet)
HPRegen 0.17/turn               u - +4 ring of protection
MPRegen 0.15/turn               F - ring of Iddulaz {Int+6 Dex+3 Stlth+}

@: lethally poisoned (-1 -> -34)
A: high MP 1, forlorn, divine attributes
a: no special abilities


You were on level 5 of the Dungeon.
You visited 2 branches of the dungeon, and saw 7 of its levels.

You collected 361 gold pieces.

Inventory:

Hand Weapons
 a - a +0 long sword (weapon)
 y - a +0 broad axe
Armour
 d - a +0 robe (worn)
 l - a +0 kite shield (worn)
 m - a +0 buckler
 p - a +2 pair of boots (worn)
 q - a +0 helmet (worn)
 G - +0 gold dragon scales
Magical Staves
 b - a staff of fire
Jewellery
 h - a ring of protection from cold
 u - a +4 ring of protection (left hand)
 x - a +4 ring of protection
 F - the ring of Iddulaz (right hand) {Int+6 Dex+3 Stlth+}
   (You found it on level 6 of the Dungeon)

   [ring of intelligence]

   Int:       It affects your intelligence (+6).
   Dex:       It affects your dexterity (+3).
   Stlth:     It makes you more stealthy.
Wands
 f - a wand of charming (4) (quivered)
 B - a wand of flame (34)
 D - a wand of roots (4)
Scrolls
 e - a scroll of fog
 g - a scroll of vulnerability
 i - a scroll of blinking
 j - 2 scrolls of teleportation
 k - a scroll of amnesia
 n - 2 scrolls of poison
 o - a scroll of fear
 t - a scroll of enchant weapon {unknown}
 w - a scroll of torment {unknown}
 z - 2 scrolls of immolation {unknown}
 E - a scroll of enchant armour {unknown}
Potions
 c - a potion of berserk rage
 r - a potion of might {unknown}
 s - a potion of flight {unknown}
 v - a potion of brilliance {unknown}
 A - a potion of cancellation {unknown}
 C - 2 potions of mutation {unknown}


   Skills:
 + Level 0.9 Fighting
 - Level 3.6 Long Blades
 - Level 4.0 Shields
 - Level 4.0 Spellcasting
 + Level 3.0 Conjurations
 - Level 3.0 Fire Magic
 + Level 2.8 Earth Magic
 - Level 1.0 Evocations


You had 10 spell levels left.
You knew the following spells:

 Your Spells              Type           Power      Damage    Failure   Level
a - Foxfire               Conj/Fire      96%        2x1d8     5%          1
b - Stone Arrow           Conj/Erth      46%        3d9       17%         3

Your spell library contained the following spells:

 Spells                   Type           Power      Damage    Failure   Level
 Sting                    Tmut/Pois      24%        1d4       19%         1
 Poisonous Vapours        Pois/Air       12%        N/A       28%         2
 Sublimation of Blood     Necr           6%         N/A       28%         2
 Wereblood                Tmut           6%         N/A       28%         2
 Gell's Gravitas          Tloc           6%         N/A       50%         3
 Lesser Beckoning         Tloc           6%         N/A       50%         3
 Teleport Other           Tloc           6%         N/A       50%         3
 Animate Armour           Summ/Erth      28%        N/A       73%         4
 Olgreb's Toxic Radiance  Pois           6%         N/A       88%         4
 Ozocubu's Refrigeration  Ice            3%         4d8       100%        7
 Summon Hydra             Summ           3%         N/A       100%        7
 Ignition                 Fire           12%        3d6       100%        8
 Lehudib's Crystal Spear  Conj/Erth      11%        10d4      100%        8


Dungeon Overview and Level Annotations

Branches:
Dungeon (6/15)             Temple (1/1) D:5


Innate Abilities, Weirdness & Mutations

You have an increased reservoir of magic. (+10% MP)
You shall have no god before yourself.
Your divine heritage dramatically boosts your attributes as you level up.


Message History

The gnoll sergeant hits you but does no damage.
You are more poisoned.
Casting: Foxfire (safe; 5% risk of failure)
Confirm with . or Enter, or press ? or * to list all spells.
You feel a surge of power!
You conjure some foxfire!
You feel very sick.
The foxfire hits the gnoll sergeant but does no damage.
The gnoll sergeant is heavily wounded.
The foxfire hits the gnoll sergeant but does no damage.
The gnoll sergeant is heavily wounded.
The gnoll sergeant hits you from afar with a +0 spear of venom.
You are more poisoned.
Casting: Foxfire (safe; 5% risk of failure)
Confirm with . or Enter, or press ? or * to list all spells.
You feel a surge of power!
You conjure some foxfire!
* * * LOW HITPOINT WARNING * * *
You feel very sick.
The foxfire hits the gnoll sergeant!
The gnoll sergeant is severely wounded.
The foxfire hits the gnoll sergeant.
The gnoll sergeant is severely wounded.
The gnoll sergeant hits you from afar with a +0 spear of venom.
* * * LOW HITPOINT WARNING * * *
You are more poisoned.
Okay, then.
Aiming: Charm
Press: ? - help, Q - select action, (/) - cycle Shift-Dir - straight line, f - gnoll sergeant
Aim: a gnoll sergeant, wielding a +0 spear of venom, wearing a +0 ring mail and wearing a +2 kite shield (severely wounded, ally target, chance to affect: 50%)
The gnoll sergeant resists with significant effort.
* * * LOW HITPOINT WARNING * * *
You feel extremely sick.
The foxfire hits the gnoll sergeant but does no damage.
The gnoll sergeant is severely wounded.
The foxfire hits the gnoll sergeant but does no damage.
The gnoll sergeant is severely wounded.
The gnoll sergeant hits you but does no damage.
You are more poisoned.
Okay, then.
a - a +0 long sword (weapon)
You die...

#.# #.#######.# #.# #.# #.#
#.# #.# #.# #####.###########
#)# #.# ...............>#
#.#######># #####.#########.##
#.#.....#.##
#...........g#####.##.##.#.#.
#.........[............#.#.#.
#..........>@ยง####.#####.#.#.
#.........)...# #.......#.#.
#.............############.#.
#...........#.#............#.
#...........#.#.############.
#####...........#.#.# #.
................#.#.# #.
###...##.####.#.#.#.# #.
............#.#.#.#.# #.


You could see a gnoll sergeant.

Vanquished Creatures
  Pikel (D:5)
  2 scorpions (D:5)
  A howler monkey (D:4)
  2 iguanas (D:5)
  Ijyb (D:5)
  An orc wizard (D:5)
  5 adders
  A gnoll (D:6)
  3 dart slugs
  12 orcs
  2 bats
  4 endoplasms
  A giant cockroach (D:3)
  2 goblins
  5 hobgoblins
  5 jackals (D:4)
  3 quokkas
  4 ball pythons
  5 kobolds
  2 rats
62 creatures vanquished.

Vanquished Creatures (others)
  A jackal (D:4)
  303 foxfires
304 creatures vanquished.

Grand Total: 366 creatures vanquished

Notes
Turn   | Place    | Note
-------+----------+-------------------------------------------
     0 | D:1      | wingedge the Demigod Wanderer began the quest for the Orb.
     0 | D:1      | wingedge set off with the following items: a +0 long sword,
                  | a +0 buckler, a potion of berserk rage, a +0 robe; and the
                  | following spell memorised: Foxfire; and the following
                  | spells available to memorise: Stone Arrow.
     0 | D:1      | Reached XP level 1. HP: 14/14 MP: 4/4
   360 | D:1      | Reached skill level 1 in Fire Magic
   914 | D:2      | Reached XP level 2. HP: 20/20 MP: 2/5
  1432 | D:2      | Reached XP level 3. HP: 26/26 MP: 2/7
  3567 | D:4      | Reached XP level 4. HP: 33/33 MP: 5/9
  4032 | D:5      | Entered Level 5 of the Dungeon
  4134 | D:5      | Reached XP level 5. HP: 9/38 MP: 4/10
  4559 | D:5      | Found a staircase to the Ecumenical Temple.
  4560 | D:5      | Noticed Ijyb
  4572 | D:5      | Killed Ijyb
  4661 | Temple   | Entered the Ecumenical Temple
  5299 | D:5      | Noticed Pikel
  5326 | D:5      | Killed Pikel
  5327 | D:5      | Reached skill level 1 in Earth Magic
  5327 | D:5      | Reached XP level 6. HP: 28/45 MP: 1/15
  5327 | D:5      | Reached XP level 7. HP: 31/50 MP: 1/16
  5454 | D:5      | Learned a level 3 spell: Stone Arrow
  5917 | D:6      | Identified the ring of Iddulaz {Int+6 Dex+3 Stlth+}
  6073 | D:5      | Succumbed to a gnoll sergeant's poison

Illustrated notes

Levels and vault maps discovered:
D:1:      ncdulo_watergridlock, layout_loops_ring, st_stairs_11
D:2:      layout_loops_ring, chequers_ecumenical_altar_grove,
          minmay_crystal_water
D:3:      layout_basic
D:4:      nicolae_BIG_FREAKIN_CUBE, layout_basic, general_overflow_altar,
          lemuel_doored_altar
D:5:      layout_basic, minmay_temple_entry_offerings, solitary_fountain,
          uniq_ijyb, uniq_pikel
D:6:      layout_loops_ring, minmay_overflow_temple_star_hex
Temple:   nicolae_temple_figure_eight

Skill      XL: |  1  2  3  4  5 |
---------------+----------------+-----
Conjurations   | 2 3 |  3.0
Fire Magic     | 1 2 3 |  3.0
Shields        | 2 4 |  4.0
Spellcasting   | 2 4 |  4.0
Earth Magic    | 2 |  2.8
Fighting       | |  0.9
Long Blades    | |  3.6
Evocations     | |  1.0

Action                   |  1- 3 |  4- 6 |  7- 9 || total
-------------------------+-------+-------+-------++-------
Melee: Staff             |     2 |     1 |       ||     3
       Long sword        |     6 |    23 |     1 ||    30
 Cast: Foxfire           |    83 |    76 |    14 ||   173
Evoke: Wand              |       |     2 |     1 ||     3
  Use: Scroll            |       |    10 |       ||    10
       Potion            |       |     3 |       ||     3
Armor: Robe              |     5 |    42 |     2 ||    49
Dodge: Dodged            |    11 |    18 |       ||    29
Block: Buckler           |     4 |     8 |       ||    12
       Kite shield       |       |       |     4 ||     4
